 Dungeon Crawl Stone Soup version 0.15-a0-1206-g3bad1a6 (webtiles) character file.

22 PolkaDot the Vexing (level 2, 0/19 HPs)
             Began as a Vampire Enchanter on June 1, 2014.
             Slain by a kobold
             ... wielding a +2,+1 dagger
              (4 damage)
             ... on Level 1 of the Dungeon.
             The game lasted 00:03:51 (1420 turns).

PolkaDot the Vexing (Vampire Enchanter)             Turns: 1420, Time: 00:03:51

HP   0/19        AC  3     Str  7      XL: 2   Next: 68%
MP   9/13        EV 12     Int 17      God:
Gold 14          SH  0     Dex 14      Spells:  2 memorised,  2 levels left

rFire  . . .     SeeInvis +     a - +1 dagger
rCold  + + +     Clarity  .     g - +1 robe {rC+}
rNeg   + + +     rCorr    .     (no shield)
rPois  +         rRot     +     (no helmet)
rElec  .         Spirit   .     (no cloak)
SustAb .         Warding  .     (no gloves)
rMut   .         Stasis   .     (no boots)
Gourm  .                        (no amulet)
MR     .....                    (no ring)
                                i - ring of magical power

@: regenerating slowly, not resistant to hostile enchantments, fairly stealthy
A: fangs 3, see invisible, unbreathing
a: no special abilities


You were on level 1 of the Dungeon.
You were near bloodless.

You visited 1 branch of the dungeon, and saw 1 of its levels.

You collected 14 gold pieces.

Inventory:

Hand weapons
 a - a +1,+1 dagger (weapon)
Armour
 e - a +1 leather armour of cold resistance
 g - a +1 robe of cold resistance (worn)
Scrolls
 b - 2 scrolls of identify {unknown}
 f - 3 scrolls of remove curse
Jewellery
 i - a ring of magical power (left hand)
Potions
 d - a potion of blood {@w2}
 h - 2 potions of heal wounds {unknown}
Books
 c - a book of Maledictions

   Spells                             Type                      Level
   *Corona                            Hexes                        1
   *Sure Blade                        Hexes/Charms                 2
   Ensorcelled Hibernation            Hexes/Ice                    2
   Confuse                            Hexes                        3
   Dazzling Spray                     Conjuration/Hexes            3
   Enslavement                        Hexes                        4


   Skills:
 + Level 2.0 Short Blades
 - Level 2.1 Dodging
 - Level 4.8 Stealth
 - Level 2.0 Spellcasting
 * Level 5.0 Hexes


You had 2 spell levels left.
You knew the following spells:

 Your Spells              Type           Power        Failure   Level  Hunger
a - Corona                Hex            ###....      2%          1    #......
b - Sure Blade            Hex/Chrm       ##........   12%         2    ###....


Dungeon Overview and Level Annotations

Branches:
Dungeon (1/15)

Altars:


Innate Abilities, Weirdness & Mutations

You heal slowly.
You have razor-sharp teeth.
You have supernaturally acute eyesight.
You can survive without breathing.


Message History

The bat hits you but does no damage. The kobold hits you but does no damage.
You feel almost devoid of blood!
You hit the kobold but do no damage.
The kobold is severely wounded.
The bat misses you. The kobold hits you but does no damage.
You hit the kobold but do no damage.
The kobold is severely wounded.
The bond with your blade fades away. The bat misses you.
The kobold hits you with a dagger.
You hit the kobold but do no damage.
The kobold is severely wounded.
The bat closely misses you. The kobold hits you with a dagger.
* * * LOW HITPOINT WARNING * * *
The bat hits you.
* * * LOW HITPOINT WARNING * * *
You hit the kobold. Your bite misses the kobold.
The kobold is almost dead.
The bat closely misses you. The bat barely misses you.
The kobold hits you with a dagger.
You die...

...## #..########## #######
#.####.#........####.....#
#.>.).........[..%.#.....#######
##.###.#........##.#............
# #.#........##..##.....%....
#.#........###)##..........
#.#.......K# #..#..........
#.#.......@####.#..........
#.#########b..(............
#.##### #.###............
#.....# #.# ##...........
###.#(# #.# #.####)..###
#.#.#####.# #..# #...#
#.#.......# ##.###...#
#.#######.#####..##..)### #.#
##[................


You could see a bat and a kobold.

Vanquished Creatures
  4 goblins (D:1)
  A hobgoblin (D:1)
  7 jackals (D:1)
  2 bats (D:1)
  2 giant newts (D:1)
  3 kobolds (D:1)
  2 rats (D:1)
21 creatures vanquished.

Notes
Turn   | Place    | Note
--------------------------------------------------------------
     0 | D:1      | PolkaDot, the Vampire Enchanter, began the quest for the Orb.
     0 | D:1      | Reached XP level 1. HP: 13/13 MP: 3/3
   107 | D:1      | Reached XP level 2. HP: 5/19 MP: 0/4
   343 | D:1      | Learned a level 2 spell: Sure Blade
   815 | D:1      | Reached skill level 5 in Hexes
  1420 | D:1      | Slain by a kobold

Action                   || total
-------------------------++-------
Melee: Dagger            ||    85
 Cast: Corona            ||    13
       Sure Blade        ||    12
  Use: Scroll            ||     1
 Stab: Sleeping          ||     5
